Map: Cyber Forest LE

Players

Namshar

  • Race: Zerg Zerg
  • Spawn Location: 5:00

Zanster - Winner!

  • Race: Zerg Zerg
  • Spawn Location: 11:00

Event: 2019 WCS Summer

VOD

Have the link to the VOD?

Description

Time

  • Played on: July 12, 2019, 11:05 a.m.
  • Length: 14:28

All games in this series

Show
View Real Time Build Order
Export as new Build Order

Namshar Zerg 

Build Orders: Hatch First 

Get SALT Encoding   

  12  0:00  Drone  
  13  0:12  Overlord  
  13  0:16  Drone  
  14  0:30  Drone x2  
  16  0:47  Hatchery  
  15  0:51  Drone  
  15  0:54  Drone  
  17  1:08  Spawning Pool  
  17  1:10  Extractor  
  15  1:13  Drone  
  15  1:16  Drone  
  17  1:20  Drone  
  18  1:27  Drone  
  19  1:55  Zergling x4  
  19  1:58  Queen  
  19  1:59  Zergling x2, Queen  
  19  2:00  Zergling x2  
  27  2:16  Overlord  
  27  2:27  Drone  
  23  2:45  Drone  
  23  2:46  Metabolic Boost, Drone  
  23  2:50  Drone x2  
  27  2:58  Drone  
  28  2:59  Drone  
  28  3:02  Overlord  
  29  3:10  Drone  
  29  3:11  Drone  
  30  3:17  Drone  
  31  3:20  Zergling x8  
  31  3:23  Zergling x2  
  36  3:33  Overlord  
  36  3:35  Drone  
  36  3:36  Drone  
  38  3:44  Drone x5  
  43  3:52  Overlord  
  43  4:01  Extractor  
  42  4:04  Hatchery, Evolution Chamber  
  42  4:06  Drone  
  41  4:10  Drone  
  41  4:12  Drone x2  
  41  4:14  Drone  
  45  4:21  Drone  
  45  4:22  Zergling x6  
  48  4:29  Zergling x6  
  49  4:31  Zerg Missile Weapons Level 1  
  49  4:33  Zergling x2  
  49  4:37  Overlord  
  50  4:44  Zergling x2  
  50  4:45  Zergling x6  
  54  4:51  Roach Warren  
  53  4:55  Overlord  
  53  4:56  Lair  
  53  5:02  Drone  
  53  5:03  Drone x3  
  56  5:10  Drone x2  
  56  5:13  Extractor  
  54  5:19  Queen  
  54  5:30  Roach  
  54  5:31  Roach x6  
  68  5:43  Roach x2  
  72  5:52  Overlord  
  72  5:53  Drone  
  72  5:54  Drone x2  
  75  6:03  Drone  
  76  6:04  Extractor  
  76  6:06  Roach x2  
  76  6:07  Roach  
  76  6:10  Roach  
  76  6:11  Roach x3  
  87  6:15  Roach  
  88  6:19  Glial Reconstitution  
  88  6:23  Overseer  
  88  6:31  Drone, Overlord  
  89  6:38  Overlord x2  
  89  6:43  Zerg Missile Weapons Level 2  
  89  6:48  Overlord  
  89  6:52  Drone x2  
  89  6:54  Roach x3  
  97  7:00  Drone x2  
  99  7:03  Drone  
  99  7:05  Evolution Chamber  
  99  7:07  Roach x7  
  113  7:18  Drone x2  
  113  7:19  Drone x2, Overlord x2  
  113  7:22  Roach  
  117  7:30  Roach x3  
  117  7:34  Zerg Ground Armor Level 1  
  122  7:40  Overseer  
  122  7:42  Drone x2  
  122  7:43  Drone x2  
  128  7:44  Roach x2  
  130  7:52  Overlord x2  
  127  8:04  Roach x6  
  127  8:05  Roach x2  
  129  8:07  Roach x2  
  129  8:10  Roach x3  
  131  8:16  Roach x3  
  133  8:24  Extractor  
  133  8:25  Extractor  
  133  8:26  Ravager x2  
  133  8:28  Roach x2  
  133  8:30  Roach x3  
  142  8:36  Roach x3  
  148  8:41  Overlord x2  
  148  8:44  Ravager  
  148  8:46  Drone x2  
  148  8:47  Drone  
  152  8:50  Drone x2  
  136  9:06  Roach x9  
  132  9:15  Roach x3  
  132  9:21  Roach x3  
  137  9:24  Ravager x2  
  137  9:28  Drone x2  
  137  9:30  Roach x2  
  144  9:37  Roach x3  
  144  9:38  Ravager  
  151  9:47  Roach x4  
  159  9:56  Drone  
  159  9:57  Drone x2  
  159  9:58  Hatchery  
  162  10:00  Ravager x2  
  162  10:01  Roach  
  165  10:08  Overlord x2  
  165  10:16  Pneumatized Carapace  
  165  10:18  Roach x2  
  169  10:32  Roach x8  
  185  10:37  Zerg Ground Armor Level 2  
  185  10:50  Overlord x2  
  184  10:57  Queen  
  179  11:08  Roach x10  
  191  11:12  Queen  
  191  11:14  Drone  
  194  11:24  Ravager  
  194  11:25  Ravager  
  196  11:29  Roach x2  
  190  11:48  Roach x7  
  192  11:56  Roach x6  
  194  12:05  Roach x3  
  186  12:16  Roach x7  
  192  12:38  Hatchery  
  192  12:39  Overseer  
  192  12:40  Overseer  
  188  12:46  Roach x2  
  188  12:47  Roach x6  
  194  12:56  Roach  
  181  12:59  Roach  
  181  13:00  Roach x3  
  171  13:07  Roach x4  
  169  13:16  Roach x3  
  143  13:20  Roach  
  143  13:23  Roach x2  
  128  13:30  Roach x3  
  128  13:32  Roach x3  
  122  13:38  Roach x3  
  114  13:41  Roach  
  114  13:47  Roach  
  99  13:53  Roach x2  
  89  14:01  Roach x2  
  88  14:06  Roach  
Show
View Real Time Build Order
Export as new Build Order

Zanster Zerg - Winner!

Build Orders: Pool First 

Get SALT Encoding   

  12  0:17  Spawning Pool  
  11  0:22  Drone  
  11  0:26  Drone  
  13  0:31  Drone  
  14  0:39  Overlord  
  14  1:04  Zergling x4  
  14  1:05  Zergling x2  
  17  1:16  Zergling x2  
  18  1:19  Hatchery  
  18  1:24  Extractor  
  16  1:28  Zergling x2  
  17  1:36  Queen  
  19  1:41  Zergling x2  
  20  1:50  Drone  
  21  1:59  Overlord  
  21  2:13  Drone  
  22  2:19  Queen  
  24  2:24  Drone  
  25  2:31  Drone  
  25  2:34  Drone  
  24  2:42  Drone x2  
  25  2:50  Drone x2  
  27  2:54  Drone  
  28  3:02  Drone  
  29  3:06  Drone  
  30  3:13  Drone x2  
  30  3:16  Overlord  
  30  3:19  Drone  
  33  3:23  Evolution Chamber  
  33  3:25  Lair  
  33  3:27  Drone  
  33  3:28  Drone  
  33  3:32  Drone  
  33  3:34  Drone  
  36  3:37  Drone  
  36  3:39  Drone  
  38  3:41  Drone  
  38  3:43  Drone  
  38  3:46  Drone  
  41  3:50  Zerg Missile Weapons Level 1  
  41  3:57  Roach Warren  
  41  3:58  Drone  
  41  4:01  Drone  
  42  4:03  Drone  
  42  4:04  Drone  
  42  4:07  Overlord  
  44  4:14  Overlord  
  41  4:25  Drone x5  
  44  4:34  Drone  
  44  4:36  Extractor  
  44  4:37  Glial Reconstitution  
  44  4:39  Drone  
  44  4:42  Roach x2  
  48  4:47  Extractor  
  48  4:48  Roach  
  48  4:50  Evolution Chamber  
  48  4:51  Drone x2  
  50  4:56  Roach  
  50  4:59  Overlord  
  52  5:06  Overlord  
  50  5:07  Roach  
  50  5:08  Zergling x4  
  53  5:18  Roach  
  53  5:19  Queen  
  58  5:25  Evolution Chamber  
  57  5:29  Drone x2  
  57  5:31  Overseer  
  57  5:32  Drone x4  
  63  5:40  Roach  
  66  5:43  Overlord  
  66  5:53  Roach x5  
  76  6:02  Hatchery, Roach  
  77  6:04  Overlord  
  77  6:10  Queen  
  79  6:15  Overlord  
  79  6:19  Zerg Missile Weapons Level 2  
  79  6:20  Overlord  
  79  6:23  Drone  
  79  6:24  Drone x2  
  82  6:25  Overseer  
  82  6:30  Drone  
  83  6:42  Roach x6  
  95  6:48  Overlord  
  95  6:50  Extractor  
  95  6:54  Overlord  
  94  6:56  Roach  
  94  6:57  Roach x2  
  100  7:05  Overlord  
  100  7:08  Roach x3  
  106  7:12  Overlord  
  106  7:19  Drone x5  
  111  7:34  Overlord  
  111  7:36  Roach x3  
  117  7:39  Roach  
  119  7:45  Roach x4  
  119  7:48  Overlord, Ravager x2  
  119  7:49  Ravager  
  119  7:51  Roach x3  
  136  7:53  Overlord  
  136  8:02  Roach  
  136  8:03  Roach x4  
  124  8:06  Roach  
  126  8:13  Roach x3  
  126  8:14  Extractor, Roach  
  126  8:16  Overlord  
  132  8:20  Drone  
  132  8:23  Drone  
  132  8:24  Drone x2  
  136  8:35  Roach x3  
  136  8:40  Zerg Ground Armor Level 1  
  142  8:42  Overlord  
  142  8:43  Roach x3  
  142  8:45  Roach  
  150  8:50  Roach x2  
  154  8:59  Roach x4  
  150  9:07  Roach x4  
  142  9:13  Roach  
  142  9:14  Roach x2  
  144  9:18  Roach x3  
  144  9:22  Overlord  
  152  9:31  Roach x3  
  152  9:32  Ravager  
  152  9:34  Roach  
  161  9:38  Roach  
  161  9:39  Roach  
  161  9:40  Roach  
  161  9:41  Hatchery  
  162  9:53  Drone x3  
  162  9:57  Roach x3  
  171  10:03  Roach  
  171  10:04  Roach x2  
  177  10:08  Roach x4  
  177  10:10  Overseer  
  177  10:11  Overlord  
  177  10:12  Overlord  
  185  10:15  Ravager  
  185  10:19  Pneumatized Carapace  
  186  10:29  Drone  
  186  10:30  Drone x5, Extractor  
  186  10:31  Drone  
  186  10:33  Drone  
  186  10:34  Tunneling Claws, Burrow  
  193  10:36  Roach x3  
  193  10:42  Ravager  
  198  11:22  Infestation Pit  
  198  11:23  Hydralisk Den, Ravager x3  
  199  11:26  Drone  
  199  11:31  Extractor  
  197  11:47  Roach x8  
  183  11:55  Roach x9  
  183  12:00  Roach  
  183  12:01  Roach x4  
  200  12:02  Overseer  
  200  12:08  Roach  
  200  12:14  Roach  
  200  12:15  Roach x6  
  199  12:20  Roach x4  
  195  12:29  Roach  
  199  12:30  Roach x4  
  195  12:48  Roach x4  
  199  12:57  Ravager x3  
  196  13:02  Roach x6  
  177  13:13  Roach x2  
  177  13:14  Roach x6  
  175  13:22  Roach  
  159  13:30  Roach  
  159  13:31  Roach  
  148  13:35  Roach x3  
  134  13:46  Roach x3  
  136  13:54  Roach  
  132  13:59  Roach x2  
  132  14:02  Ravager  
  133  14:03  Ravager  
  133  14:07  Roach x3  
  140  14:12  Ravager  
Tags
 
Add a new tag
Caveats
  • Supply blocks, unpowered buildings, or Contaminate may cause inaccurate times.
  • Supply counts are checked every 10 seconds.